[Event "Groningen Festival 2019-B"]
[Site "Groningen"]
[Date "2019.12.21"]
[Round "1.1"]
[White "Akotchik, Victor"]
[Black "Konnen, Timo"]
[Result "1-0"]
[ECO "B01"]
[WhiteElo "2095"]
[BlackElo "1843"]
[Annotator "NA RC"]
[PlyCount "41"]
[EventDate "2019.12.15"]
[EventType "swiss"]
[EventCountry "NED"]
[SourceTitle "playchess.com"]
[Source "ChessBase"]
[SourceQuality "1"]
[TimeControl "40/5400+30:1800+30"]

1. e4 d5 2. Nc3 dxe4 3. Nxe4 Qd5 4. Nc3 Qd6 5. Bc4 Nf6 6. d3 {[%emt 0:01:06] B01: Scandinavian Defence} (6. d4 a6 7. h3 b5 8. Bb3 Bb7 9. Nf3 c5 10. dxc5 Qxd1+ 11. Nxd1 e6 12. Be3 Nbd7 13. c6 Bxc6 14. O-O Be7 {½-½ (60) Savic,M (2628)-Milanovic,D (2547) Belgrade 2016}) 6... a6 7. Nf3 b5 8. Bb3 Bb7 9. O-O e6 10. Qe2 Be7 11. a4 bxa4 $146 ({Predecessor:} 11... b4 12. Ne4 Nxe4 13. dxe4 Nd7 14. Re1 {½-½ (51) Ivanovic,B (2501)-Benkovic,P (2469) Subotica 2003}) 12. Rxa4 Nc6 (12... O-O $14) 13. Bf4 Qd7 {[%emt 0:02:48] [#]} ({Better is} 13... Qd8) 14. Rc4 $1 Bd6 15. Ba4 O-O 16. Ne5 Bxe5 17. Bxe5 Nd5 {[%emt 0:02:46] [#]} 18. Ne4 $1 f6 (18... Rab8 {is a better defense.} 19. Nc5 Qc8 20. Bxg7 Kxg7) 19. Nc5 Qc8 $18 20. Bg3 e5 21. Nxb7 1-0

[Event "Groningen Festival 2019-B"]
[Site "Groningen"]
[Date "2019.12.21"]
[Round "1.2"]
[White "Arnold, Frieda"]
[Black "Wissmann, Dolf"]
[Result "0-1"]
[ECO "B23"]
[WhiteElo "1840"]
[BlackElo "2092"]
[Annotator "NA"]
[PlyCount "52"]
[EventDate "2019.12.15"]
[EventType "swiss"]
[EventCountry "NED"]
[SourceTitle "playchess.com"]
[Source "ChessBase"]
[SourceQuality "1"]
[TimeControl "40/5400+30:1800+30"]

1. e4 g6 2. Nc3 Bg7 3. f4 d6 4. Bc4 c5 5. Nf3 Nc6 6. O-O e6 7. d4 {[%emt 0:01:48] B23: Closed Sicilian: Lines without g3} Nxd4 (7... cxd4 8. Nb5 Na5 9. Bd3 e5 10. b4 Nc6 11. Bc4 Nf6 12. c3 a6 13. Ng5 axb5 14. Bxf7+ Ke7 15. cxd4 Nxd4 {½-½ (33) Nepomniachtchi,I (2775)-Giri,A (2779) Paris 2019}) 8. Be3 Nxf3+ 9. Qxf3 a6 10. f5 Nf6 $146 ({Predecessor:} 10... Qc7 11. fxe6 Bxe6 12. Bxe6 fxe6 13. Bg5 Bd4+ 14. Kh1 Qg7 {1-0 (33) Vidic,T (2176)-Hrescak,I (2076) Ljubljana 2018}) 11. Rad1 O-O 12. e5 Nd7 13. fxe6 fxe6 14. Bxe6+ Kh8 15. Qh3 Rxf1+ 16. Rxf1 Nxe5 17. Ne4 Bxe6 18. Qxe6 Qg8 19. Qh3 Rf8 20. Rd1 Nc4 21. Bg5 $2 (21. Bh6 $1 $11) 21... Qf7 ({Don't go for} 21... Bxb2 $2 22. c3 $18) ({Much less strong is} 21... Nxb2 22. Rf1 $19) 22. g4 $19 (22. Qf3 Qe6 23. Qe2) 22... d5 23. Nc3 Nxb2 24. Rb1 Qf2+ 25. Kh1 Qxc2 26. Rc1 Qd3 0-1

[Event "Groningen Festival 2019-B"]
[Site "Groningen"]
[Date "2019.12.21"]
[Round "1.3"]
[White "Slagter, Ruben"]
[Black "Torenbosch, Jorn"]
[Result "0-1"]
[ECO "C00"]
[WhiteElo "2077"]
[BlackElo "1821"]
[Annotator "NA"]
[PlyCount "104"]
[EventDate "2019.12.15"]
[EventType "swiss"]
[EventCountry "NED"]
[SourceTitle "playchess.com"]
[Source "ChessBase"]
[SourceQuality "1"]
[TimeControl "40/5400+30:1800+30"]

1. e4 e6 2. d3 d5 3. Qe2 Nf6 4. Nf3 Be7 5. e5 Nfd7 6. g3 c5 7. Bg2 Nc6 8. O-O O-O 9. h4 Re8 {[%emt 0:07:51] C00: French: Unusual White 2nd moves} (9... b5 10. Bf4 b4 11. Nbd2 Ba6 12. a3 c4 13. d4 bxa3 14. bxa3 Qa5 15. Qe3 Rab8 16. Rfc1 Rb2 17. Ng5 {½-½ (67) Morozevich,A (2676)-Dvalishvili,P (2433) Moscow 2017}) 10. c4 f6 11. exf6 $1 Nxf6 12. Nc3 a6 $146 ({Predecessor:} 12... Bf8 13. Bf4 a6 14. Rfe1 Nd4 15. Qd2 Nxf3+ 16. Bxf3 d4 17. Ne4 Nxe4 18. Bxe4 {1-0 (37) List,J (2219)-Enxing,S Germany 1998}) 13. Bf4 Bd6 14. Bg5 Bd7 15. Qd2 (15. Rae1 $16) 15... d4 16. Bxf6 gxf6 17. Ne4 Be7 18. Qh6 Rf8 19. Rfe1 Qe8 20. h5 Qf7 21. Bh3 Kh8 22. Nh4 Kg8 23. f4 Nb4 $14 24. Rad1 b5 25. f5 e5 26. Ng6 Nc2 27. Nxf8 Bxf8 28. Nxf6+ Kh8 29. Qxh7+ Qxh7 30. Nxh7 Kxh7 31. Rxe5 bxc4 32. dxc4 Re8 33. Rxe8 Bxe8 34. g4 Kh6 35. Kf2 Kg5 36. Rd2 Ne3 37. b3 Kh4 38. Bg2 Nxg4+ 39. Ke1 Bxh5 40. Bf3 Bd6 41. Ke2 Bf4 42. Rb2 Kg3 43. b4 Bf7 44. Bd5 Bxd5 45. cxd5 c4 46. b5 d3+ 47. Ke1 c3 48. Rb3 Bd2+ 49. Kf1 Nh2+ 50. Kg1 Be3+ 51. Kh1 d2 52. Rxc3 d1=Q# 0-1

[Event "Groningen Festival 2019-B"]
[Site "Groningen"]
[Date "2019.12.21"]
[Round "1.5"]
[White "Noordenbos, Daan"]
[Black "Karsdorp, Nico"]
[Result "1-0"]
[ECO "B02"]
[WhiteElo "2023"]
[BlackElo "1812"]
[Annotator "NA"]
[PlyCount "41"]
[EventDate "2019.12.15"]
[EventType "swiss"]
[EventCountry "NED"]
[SourceTitle "playchess.com"]
[Source "ChessBase"]
[SourceQuality "1"]
[TimeControl "40/5400+30:1800+30"]

1. e4 Nf6 2. Nc3 d5 3. e5 Ne4 4. Nge2 Nxc3 5. bxc3 Bg4 6. h3 Bh5 7. g4 Bg6 8. Nf4 e6 9. h4 h5 10. Nxg6 fxg6 11. Bd3 hxg4 12. Qxg4 Kd7 13. Bxg6 c5 14. Rb1 Qc7 15. Bf7 Qxe5+ 16. Kd1 Qf5 17. Qxf5 exf5 18. Bxd5 Nc6 19. Rxb7+ Kd6 20. Bg2 Re8 21. d4 1-0

[Event "Groningen Festival 2019-B"]
[Site "Groningen"]
[Date "2019.12.22"]
[Round "2.1"]
[White "Bloem, Mark"]
[Black "Akotchik, Victor"]
[Result "0-1"]
[ECO "C41"]
[WhiteElo "1928"]
[BlackElo "2095"]
[Annotator "NA RC"]
[PlyCount "130"]
[EventDate "2019.12.15"]
[EventType "swiss"]
[EventCountry "NED"]
[SourceTitle "playchess.com"]
[Source "ChessBase"]
[SourceQuality "1"]
[TimeControl "40/5400+30:1800+30"]

1. e4 e5 2. Nf3 Qe7 3. Nc3 c6 4. d4 d6 5. Be2 g6 6. O-O {[%emt 0:04:30] C41: Philidor Defence} Nh6 7. a4 a5 8. b3 $146 ({Predecessor:} 8. d5 c5 9. Nd2 f6 10. Nc4 Qd8 11. Bxh6 Bxh6 12. Nb5 Ra6 13. Bg4 Bxg4 14. Qxg4 {1-0 (21) Azarov,S (2613)-Khouseinov,R (2348) Dresden 2008}) 8... f6 9. Qd2 Nf7 10. dxe5 dxe5 11. Bb2 Nd7 12. Rfd1 Nc5 13. Qe1 Ne6 14. Bc4 Nd6 15. Bf1 Qc7 16. Rd2 Bh6 17. Rdd1 O-O 18. Bc1 Bg7 19. Bb2 Re8 20. Qe3 Nf7 21. Bc4 Bh6 22. Qe1 Bf8 23. Ba3 Bxa3 24. Rxa3 Qe7 25. Raa1 Qc5 26. Qe3 Kf8 27. Qxc5+ Nxc5 28. h3 Ke7 29. Bxf7 Kxf7 30. Rd2 Be6 31. Rad1 Ke7 32. Kf1 g5 33. Ke2 Bc8 34. Ke3 Ne6 35. Ne2 Nf4 36. Nxf4 gxf4+ 37. Ke2 Be6 38. Ne1 Rg8 39. Rd3 f5 40. exf5 Bxf5 41. Rc3 Rad8 42. Rxd8 Rxd8 43. Nd3 Kd6 44. Nc5 Kc7 45. Nd3 Rd5 46. Nb2 Be6 47. g3 Rd4 48. h4 Re4+ 49. Kf1 Bh3+ 50. Kg1 Re1+ 51. Kh2 Bf5 52. gxf4 exf4 53. Nd3 Re2 54. Nxf4 Rxf2+ 55. Kg3 Rxc2 56. Re3 Kd6 57. Ne2 Rd2 58. Nf4 Rd4 59. Re8 Rb4 60. Re3 Re4 61. Rf3 Rd4 62. h5 Kc5 63. Re3 $19 Kb4 64. Kf2 Rxf4+ 65. Kg3 Rd4 0-1

[Event "Groningen Festival 2019-B"]
[Site "Groningen"]
[Date "2019.12.22"]
[Round "2.2"]
[White "Wissmann, Dolf"]
[Black "Kubat, Pavel"]
[Result "0-1"]
[ECO "B25"]
[WhiteElo "2092"]
[BlackElo "1914"]
[Annotator "NA"]
[PlyCount "50"]
[EventDate "2019.12.15"]
[EventType "swiss"]
[EventCountry "NED"]
[SourceTitle "playchess.com"]
[Source "ChessBase"]
[SourceQuality "1"]
[TimeControl "40/5400+30:1800+30"]

1. e4 c5 2. Nc3 Nc6 3. g3 d6 4. Bg2 g6 5. d3 Bg7 6. Nh3 Nf6 7. O-O h5 8. Nf4 h4 9. Re1 hxg3 10. hxg3 Ng4 11. Nce2 Nge5 12. f3 g5 13. Nd5 g4 14. Kf2 gxf3 15. Bxf3 Nxf3 16. Kxf3 Bg4+ 17. Kg2 Nd4 18. c3 Bf3+ 19. Kf2 Rh2+ 20. Kg1 Rg2+ 21. Kf1 Nxe2 22. Qa4+ Kf8 23. Bf4 e5 24. Rxe2 Rxe2 25. Be3 Qc8 0-1

[Event "Groningen Festival 2019-B"]
[Site "Groningen"]
[Date "2019.12.22"]
[Round "2.3"]
[White "Bosker, Peter"]
[Black "Klein, Jorik"]
[Result "1/2-1/2"]
[ECO "E97"]
[WhiteElo "2075"]
[BlackElo "1859"]
[Annotator "NA RC"]
[PlyCount "129"]
[EventDate "2019.12.15"]
[EventType "swiss"]
[EventCountry "NED"]
[SourceTitle "playchess.com"]
[Source "ChessBase"]
[SourceQuality "1"]
[TimeControl "40/5400+30:1800+30"]

1. d4 Nf6 2. Nf3 g6 3. c4 Bg7 4. Nc3 O-O 5. e4 d6 6. Be2 e5 7. O-O Nc6 8. d5 Ne7 9. b4 a5 10. Ba3 axb4 11. Bxb4 Re8 {[%emt 0:00:07] E97: King's Indian: Classical Main Line (6...e5 7 0-0 Nc6): 8 Be3 and 8 d5 Ne7, not 9 Ne1} 12. c5 dxc5 13. Bxc5 c6 14. dxc6 Nxc6 15. Qxd8 Rxd8 {[%emt 0:00:26] [#]} 16. Bc4 $146 ({Predecessor:} 16. Bb6) 16... h6 17. h3 Nd7 18. Be3 Nf8 19. Rab1 Ne6 20. Nd5 Ra4 21. Nb6 Rb4 22. a3 Rxb1 23. Rxb1 Na5 24. Bd5 Nc7 25. Ba2 Be6 26. Nd5 Ne8 27. Rb5 Nc6 28. Rxb7 Nd6 29. Rc7 Nxe4 30. Ne7+ Nxe7 31. Bxe6 Re8 32. Bc4 Nd6 33. Bf1 Nd5 34. Ra7 Nxe3 35. fxe3 e4 36. Nd2 Nf5 37. Bc4 Nd6 38. Bd5 Re5 39. Ba2 Bf8 40. a4 Be7 41. Nc4 Nxc4 $1 42. Bxc4 Rc5 43. Bd5 Rxd5 44. Rxe7 f5 45. Ra7 Rd2 46. a5 Ra2 $2 ({Black should try} 46... f4 $1 $14) 47. a6 g5 48. g3 Kf8 49. Kf1 Ke8 50. Ke1 Kd8 51. h4 $11 gxh4 52. gxh4 Kc8 53. Rf7 Rxa6 54. Rxf5 Rg6 55. Kd2 Rd6+ 56. Ke2 Kd7 57. Rf4 Re6 58. Kf2 Kd6 59. Kg3 Ke5 60. h5 Re7 61. Rf8 Rg7+ 62. Kh4 Rg1 63. Re8+ Kf5 64. Rf8+ Ke5 65. Re8+ 1/2-1/2

[Event "Groningen Festival 2019-B"]
[Site "Groningen"]
[Date "2019.12.22"]
[Round "2.4"]
[White "Christensen, John Christopher Hoj"]
[Black "Noordenbos, Daan"]
[Result "0-1"]
[ECO "C12"]
[WhiteElo "1848"]
[BlackElo "2023"]
[Annotator "NA"]
[PlyCount "60"]
[EventDate "2019.12.15"]
[EventType "swiss"]
[EventCountry "NED"]
[SourceTitle "playchess.com"]
[Source "ChessBase"]
[SourceQuality "1"]
[TimeControl "40/5400+30:1800+30"]

1. e4 e6 2. d4 d5 3. Nc3 Nf6 4. Bg5 Bb4 5. e5 h6 6. Bxf6 gxf6 7. Nf3 c5 8. a3 Bxc3+ 9. bxc3 Nd7 10. Bb5 Qa5 11. Bxd7+ Bxd7 12. Qd2 f5 13. O-O Rc8 14. Rfc1 Ba4 15. Ra2 Kd7 16. Qe3 cxd4 17. cxd4 Qc3 18. Ne1 Rc4 19. Qxc3 Rxc3 20. Nd3 b6 21. Kf1 Rhc8 22. Ne1 Bb3 23. Rb2 Bc4+ 24. Kg1 Rxa3 25. c3 Ba6 26. Rbc2 Bb5 27. g3 Ba4 28. Rd2 Rcxc3 29. Rxc3 Rxc3 30. Kg2 Bb3 0-1

[Event "Groningen Festival 2019-B"]
[Site "Groningen"]
[Date "2019.12.22"]
[Round "2.5"]
[White "Torenbosch, Jorn"]
[Black "Salihbegovic, Edim"]
[Result "1/2-1/2"]
[ECO "C56"]
[WhiteElo "1821"]
[BlackElo "2011"]
[Annotator "NA RC"]
[PlyCount "132"]
[EventDate "2019.12.15"]
[EventType "swiss"]
[EventCountry "NED"]
[SourceTitle "playchess.com"]
[Source "ChessBase"]
[SourceQuality "1"]
[TimeControl "40/5400+30:1800+30"]

1. e4 e5 2. Nf3 Nc6 3. Bc4 Nf6 4. d4 exd4 5. O-O Nxe4 6. Re1 d5 7. Bxd5 Qxd5 8. Nc3 Qh5 9. Nxe4 Be6 10. Bg5 h6 11. Bf6 Qd5 {[%emt 0:16:15] C56: Two Knights: 4 d4 exd4 5 0-0 Nxe4} 12. Qe2 $146 ({Predecessor:} 12. c3 dxc3 13. Qa4 cxb2 14. Rad1 Qa5 15. Qc2 Qxa2 16. Qd3 Be7 17. Bxg7 Rd8 18. Nd4 Nxd4 19. Nf6+ Bxf6 20. Bxf6 Ne2+ 21. Qxe2 Rxd1 22. Rxd1 O-O 23. Qe5 b1=Q 24. Re1 Qg6 25. h3 Qd5 26. Qb2 {0-1 (26) Savchenko,B (2632)-Andreikin,D (2683) Moscow 2010}) 12... d3 13. cxd3 Kd7 14. d4 Re8 15. Nc3 Qc4 16. Qe3 gxf6 17. d5 Bc5 18. Qd2 Kc8 19. dxc6 bxc6 20. Re4 Qa6 21. Ra4 Qb7 22. Rc1 Rd8 23. Qc2 Bb6 24. Ne2 Bd5 25. Qf5+ Kb8 26. Qxf6 Rhg8 27. Rg4 c5 28. Rd1 Rde8 29. Rxg8 Rxg8 30. Nc3 Be6 31. Rd8+ Rxd8 32. Qxd8+ Qc8 33. Qe7 Qg8 34. Ne5 Kb7 35. Qh4 Qe8 (35... Qh7 $11) 36. Qe4+ c6 37. Nb5 Bc7 38. Nxc7 Kxc7 39. Qa4 Kb7 40. h3 f6 41. Nd3 Kb6 42. b4 cxb4 43. Qxb4+ Kc7 44. Qf4+ Kc8 45. Qa4 ({But not} 45. Qxh6 $6 Bf5 $14) (45. Qxf6 $16 Bxa2 46. Nf4 (46. Qxh6 Bc4 $16)) 45... Bd5 46. Qxa7 Qe4 $11 47. Qa8+ Kc7 48. Qa7+ Kd8 49. Qb8+ Ke7 50. Qb4+ Qxb4 51. Nxb4 Kd6 52. Nxd5 Kxd5 53. Kf1 Kd4 54. Ke2 Kc3 55. Ke3 c5 56. a4 Kb4 57. Kd3 c4+ 58. Kc2 Kxa4 59. Kc3 Kb5 60. g4 Kc5 61. f4 Kd5 62. h4 Ke4 63. g5 hxg5 64. hxg5 fxg5 65. fxg5 Kf5 66. g6 Kf6 1/2-1/2

[Event "Groningen Festival 2019-B"]
[Site "Groningen"]
[Date "2019.12.22"]
[Round "2.6"]
[White "Neuendorf, Max"]
[Black "Novotny, David"]
[Result "1/2-1/2"]
[ECO "C12"]
[WhiteElo "1994"]
[BlackElo "1810"]
[Annotator "NA RC"]
[PlyCount "92"]
[EventDate "2019.12.15"]
[EventType "swiss"]
[EventCountry "NED"]
[SourceTitle "playchess.com"]
[Source "ChessBase"]
[SourceQuality "1"]
[TimeControl "40/5400+30:1800+30"]

1. e4 ({Predecessor:} 1. d4 Nf6 2. Nc3 d5 3. Bg5 e6 {1-0 (30) Zolnierowicz,K (2256)-Szacht,E (2143) Kowalewo Pomorskie 2007}) 1... e6 2. d4 d5 3. Nc3 Nf6 4. Bg5 Bb4 5. e5 h6 6. Bc1 Ne4 7. Qg4 {[%emt 0:00:42] C12: French: Classical System: McCutcheon Variation} Kf8 8. Nge2 c5 9. a3 Qa5 $146 (9... h5 10. Qf4 Ba5 11. dxc5 Nxc3 12. Nxc3 Bxc3+ 13. bxc3 Qa5 14. Bd2 Nc6 {0-1 (53) Naiditsch,A (2702)-Buhmann,R (2564) Germany 2018}) 10. axb4 Qxa1 11. Nxe4 dxe4 12. bxc5 Bd7 13. Qxe4 Bc6 14. Qe3 Na6 15. c3 Nc7 16. Nf4 a5 17. c4 g5 18. Ne2 Na6 19. f3 Nb4 20. Kf2 a4 21. Qa3 Qxa3 22. bxa3 Nc2 23. h4 Rg8 24. hxg5 hxg5 25. g4 Rd8 26. Bb2 Rb8 27. Bg2 b5 28. Rc1 Nxa3 29. Bxa3 b4 30. Rb1 Ke7 31. Rxb4 Rxb4 32. Bxb4 Rb8 33. Bd2 a3 34. Nc3 Rb2 35. Ke1 f6 36. exf6+ Kxf6 37. d5 exd5 38. cxd5 Bb7 39. Kd1 a2 40. Nxa2 Rxa2 41. d6 Ra1+ 42. Kc2 $2 {[%emt 0:05:41] [#]} (42. Ke2 $11 Ba6+ 43. Kf2) 42... Rg1 $1 43. Bh3 Bxf3 44. Bxg5+ $19 Kxg5 45. d7 Rd1 46. c6 Bxc6 1/2-1/2

[Event "Groningen Festival 2019-B"]
[Site "Groningen"]
[Date "2019.12.23"]
[Round "3.1"]
[White "Akotchik, Victor"]
[Black "Labruyere, Roger"]
[Result "1-0"]
[ECO "B50"]
[WhiteElo "2095"]
[BlackElo "1933"]
[Annotator "NA"]
[PlyCount "95"]
[EventDate "2019.12.15"]
[EventType "swiss"]
[EventCountry "NED"]
[SourceTitle "playchess.com"]
[Source "ChessBase"]
[SourceQuality "1"]
[TimeControl "40/5400+30:1800+30"]

1. e4 c5 2. Nf3 d6 3. Nc3 a6 4. g3 g6 5. Bg2 Bg7 6. O-O {[%emt 0:01:21] B50: Sicilian: 2...d6, Miscellaneous} Nc6 7. d3 e6 (7... Nf6 8. Re1 Nd7 9. Be3 O-O 10. Qd2 Nd4 11. Nd1 Nxf3+ 12. Bxf3 Ne5 {½-½ (54) Mamedov,R (2703)-Artemiev,V (2709) St Petersburg 2018}) 8. Nh4 Nge7 9. f4 O-O 10. Kh1 Rb8 11. Qe1 $146 ({Predecessor:} 11. Nf3 Nd4 12. Ne2 b5 13. Nfxd4 cxd4 14. c3 dxc3 15. Nxc3 Qb6 {1-0 (53) Hatziara,D (1484)-Asvestopoulou,E (1689) Porto Rio 2015}) 11... Nd4 12. Qf2 b5 13. Nd1 Qb6 14. c3 Ndc6 15. g4 f5 16. Qg3 (16. gxf5 $1 $11 exf5 17. Ne3) 16... b4 17. Bd2 a5 (17... fxg4 $15 18. Ne3 bxc3 19. Bxc3 Nd4) 18. Ne3 (18. gxf5 $11 bxc3 19. Bxc3 exf5 20. Bxg7 Kxg7 21. Ne3) 18... Ba6 $2 (18... fxe4 $15 {stays ahead.} 19. dxe4 Ba6) 19. gxf5 exf5 ({Much weaker is} 19... Bxd3 $6 20. fxg6 Bxf1 21. gxh7+ Kh8 22. Rxf1 $14) (19... gxf5 $142 20. exf5 Kh8) 20. exf5 Bxd3 {[%emt 0:00:43] [#]} 21. fxg6 $1 hxg6 (21... Bxf1 $142 22. Rxf1 Kh8) 22. Nd5 Qa6 23. Rfe1 Nf5 24. Nxf5 Bxf5 25. Nc7 Qc8 $2 (25... Qa7) 26. Bd5+ ({Not} 26. Bxc6 Qxc7 27. Bd5+ Rf7 $14) 26... Kh7 27. Qh4+ ({Weaker is} 27. Bxc6 Bf6 $16) 27... Bh6 28. Bxc6 Qxc7 29. Re7+ Rf7 30. Rxc7 Rxc7 31. Bd5 Re8 32. Re1 Rxe1+ 33. Bxe1 a4 {[%emt 0:03:18] [#]} 34. Qd8 $1 Rg7 35. Bd2 Bd7 36. h4 a3 37. bxa3 bxa3 38. c4 Bf5 39. Kg2 Bb1 40. Qxd6 Bxa2 41. Qxc5 Rd7 42. Bg8+ Kxg8 43. Qc8+ Bf8 44. Qxd7 Bxc4 45. Bc3 Bf7 46. Qd4 Be6 47. Qh8+ Kf7 48. Qh7+ 1-0

[Event "Groningen Festival 2019-B"]
[Site "Groningen"]
[Date "2019.12.23"]
[Round "3.2"]
[White "Noordenbos, Daan"]
[Black "De Winter, Arthur"]
[Result "1/2-1/2"]
[ECO "B33"]
[WhiteElo "2023"]
[BlackElo "1932"]
[Annotator "NA RC"]
[PlyCount "82"]
[EventDate "2019.12.15"]
[EventType "swiss"]
[EventCountry "NED"]
[SourceTitle "playchess.com"]
[Source "ChessBase"]
[SourceQuality "1"]
[TimeControl "40/5400+30:1800+30"]

1. e4 c5 2. Nf3 Nc6 3. d4 cxd4 4. Nxd4 Nf6 5. Nc3 e5 6. Ndb5 d6 7. Nd5 Nxd5 8. exd5 Nb8 9. a4 Be7 {[%emt 0:00:46] B33: Sicilian: Pelikan and Sveshnikov Variations} 10. Be3 (10. Be2 O-O 11. O-O Nd7 12. Bd2 a6 13. Na3 a5 14. c3 f5 15. b4 f4 16. Nc4 b6 17. Re1 Kh8 18. Rb1 Ba6 {0-1 (33) Svidler,P (2729)-Grischuk,A (2759) Amsterdam 2019}) 10... O-O 11. a5 Nd7 12. Nxa7 Bg5 $146 ({Predecessor:} 12... f5 13. Nxc8 Qxc8 14. f3 Bf6 15. Qb1 Nc5 16. Bf2 e4 17. Be2 exf3 18. gxf3 {1-0 (38) Ronchetti,N (2217)-Bonafede,A (2098) Pesaro 2003}) 13. Bxg5 Qxg5 14. Nb5 Qg6 15. Qd3 e4 16. Qg3 Qf6 17. c3 Ne5 18. Be2 b6 19. Qe3 Rxa5 20. Rxa5 bxa5 21. Qxe4 Bf5 {[%emt 0:06:53] [#]} 22. Qd4 $2 {[%emt 0:00:59] [#]} (22. Qe3 $1 $16 {is necessary to keep the advantage.}) 22... Qg6 $1 23. O-O (23. Kd2 $15) 23... Bh3 $1 24. g3 Bxf1 25. Kxf1 Qb1+ 26. Kg2 Qxb2 27. Bf1 Qa1 (27... Rc8 $19 28. Nxd6 Qxc3) 28. Nxd6 {[%emt 0:02:29] [#]} Nf3 $1 29. Qe3 Ne1+ 30. Kg1 {[%emt 0:01:51] [#]} a4 $1 31. Nf5 {[%emt 0:06:54] [#]} a3 $2 {[%emt 0:09:05] [#]} (31... Qd1 $1 $19 32. c4 Ra8) 32. Nxg7 $1 Qb1 33. Nh5 a2 34. Qh6 $1 Nf3+ (34... Qg6 $5 35. Nf6+ $8 {[#]} Qxf6 $1 36. Qxf6 a1=Q $11) 35. Kg2 {[%emt 0:00:26] [#]} Nh4+ $1 {[%emt 0:00:26] Promotion} 36. Kh3 Qg6 37. Nf6+ {[%emt 0:00:48] [#]} Qxf6 $1 38. Qxf6 a1=Q 39. Kxh4 $11 Qxf1 40. Qg5+ Kh8 41. Qf6+ Kg8 1/2-1/2

[Event "Groningen Festival 2019-B"]
[Site "Groningen"]
[Date "2019.12.23"]
[Round "3.3"]
[White "Kubat, Pavel"]
[Black "Zuiderweg, Edwin"]
[Result "0-1"]
[ECO "D02"]
[WhiteElo "1914"]
[BlackElo "1951"]
[Annotator "NA RC"]
[PlyCount "72"]
[EventDate "2019.12.15"]
[EventType "swiss"]
[EventCountry "NED"]
[SourceTitle "playchess.com"]
[Source "ChessBase"]
[SourceQuality "1"]
[TimeControl "40/5400+30:1800+30"]

1. g3 d5 2. Bg2 c5 3. d4 cxd4 4. Qxd4 Nf6 5. Nf3 Nc6 6. Qd1 e5 7. O-O {[%emt 0:01:22] D02: 1 d4 d5 2 Nf3 sidelines, including 2...Nf6 3 g3 and 2...Nf6 3 Bf4} Be7 (7... Bc5 8. c4 dxc4 9. Qxd8+ Kxd8 10. Nbd2 Ke7 11. Nxc4 e4 12. Ng5 Bf5 13. Be3 Bxe3 14. Nxe3 Bg6 {0-1 (52) Ju,W (2568)-Muzychuk,M (2529) Beijing 2014}) 8. a3 (8. c4 $15) 8... O-O 9. b4 e4 $146 ({Predecessor:} 9... a6 10. Bb2 Qc7 11. Nbd2 h6 12. Rc1 Rd8 13. c4 dxc4 14. Rxc4 Be6 15. Bxe5 {0-1 (46) Sarmiento Tobon,L (1744)-Melgosa,M (2253) Bogota 2013}) 10. Nd4 Nxd4 11. Qxd4 Ng4 12. c3 Bf6 13. Qd1 Be6 14. h3 Ne5 15. Be3 Rc8 16. Bc5 Re8 17. Nd2 Nd7 18. Bd4 Bxd4 19. cxd4 Nb6 20. Rc1 Qd7 21. Kh2 Rxc1 22. Qxc1 Rc8 23. Qb1 Qa4 24. Qa1 (24. Nb3 $17) 24... Qc2 25. Rd1 Na4 26. Qb1 $2 (26. Nf1) 26... Nb2 27. Nxe4 Nxd1 28. Qxc2 Rxc2 29. Nc5 Rxe2 30. Nxb7 $19 Rxf2 31. Kg1 Ra2 32. Na5 Ne3 33. Bf3 Rxa3 34. Kf2 Nc2 35. Nc6 Rb3 36. Bd1 Rb2 0-1

[Event "Groningen Festival 2019-B"]
[Site "Groningen"]
[Date "2019.12.23"]
[Round "3.4"]
[White "De Vries, Leon"]
[Black "Waardenburg, Feline"]
[Result "1-0"]
[ECO "D70"]
[WhiteElo "1934"]
[BlackElo "1769"]
[Annotator "NA RC"]
[PlyCount "75"]
[EventDate "2019.12.15"]
[EventType "swiss"]
[EventCountry "NED"]
[SourceTitle "playchess.com"]
[Source "ChessBase"]
[SourceQuality "1"]
[TimeControl "40/5400+30:1800+30"]

1. d4 Nf6 2. c4 g6 3. f3 d5 4. cxd5 Nxd5 5. e4 Nb6 6. Nc3 Bg7 7. Be3 O-O 8. Qd2 e6 {[%emt 0:04:13] D70: Grünfeld: Unusual White 3rd moves (met by ...d5)} (8... e5 $11 {keeps the balance.} 9. d5 f5 (9... c6 10. Rd1 cxd5 11. exd5 N8d7 12. Nh3 e4 13. fxe4 Ne5 14. Nf2 f5 15. Bc5 Rf7 16. Be2 f4 17. Bf3 {½-½ (25) Aronian,L (2805)-Vachier Lagrave,M (2789) London 2017})) 9. h4 Nc6 {[%emt 0:01:30] [#]} 10. O-O-O $1 e5 $146 {[%emt 0:09:34] [#]} ({Predecessor:} 10... Qe7 11. h5 Rd8 12. hxg6 hxg6 13. Bg5 f6 14. Be3 Na5 15. Qf2 {1-0 (40) Anfinogenov,A (2065)-Pak,N (1916) Moscow 2019}) 11. d5 $1 Nd4 12. h5 c6 13. hxg6 fxg6 14. Bh6 Rf7 15. Bxg7 $1 Rxg7 16. Nge2 Nc4 (16... c5 $14) 17. Qd3 cxd5 (17... Nxe2+ $16 18. Bxe2 Qg5+ 19. Kb1 Ne3) 18. Nxd4 ({Less strong is} 18. Nxd5 Nxe2+ 19. Bxe2 Be6 $14) 18... exd4 19. Qxd4 ({Much less strong is} 19. Nxd5 $6 Nb6 $16) 19... Qg5+ 20. Kb1 Ne3 21. Nxd5 (21. f4 $142 Qxf4 22. Nxd5 Nxd5 23. Qxd5+ Kh8 24. Qd8+ Rg8 25. Qe7 Qxe4+ {[%mdl 64] Remove Defender} 26. Qxe4) 21... Nxd5 22. Qxd5+ ({Better is} 22. Bc4 $18 Be6 23. exd5 (23. Bxd5 Bxd5 24. Qxd5+ Qxd5 $16)) 22... Qxd5 23. Rxd5 Be6 24. Rd6 Re7 25. Rxe6 Rxe6 26. Bc4 Rae8 27. Rd1 Kf7 28. Rd6 {[%emt 0:02:11] Pin} Kf6 29. Rxe6+ Rxe6 30. Bxe6 Kxe6 31. Kc2 h5 32. Kd3 h4 33. f4 Kf6 34. Ke3 g5 35. f5 b5 36. b4 a6 37. a3 Ke5 38. Kf3 {[%emt 0:00:08] Kd5} 1-0

[Event "Groningen Festival 2019-B"]
[Site "Groningen"]
[Date "2019.12.23"]
[Round "3.5"]
[White "Kunnen, Ruurd"]
[Black "Bosker, Peter"]
[Result "1/2-1/2"]
[ECO "E01"]
[WhiteElo "1846"]
[BlackElo "2075"]
[Annotator "NA RC"]
[PlyCount "38"]
[EventDate "2019.12.15"]
[EventType "swiss"]
[EventCountry "NED"]
[SourceTitle "playchess.com"]
[Source "ChessBase"]
[SourceQuality "1"]
[TimeControl "40/5400+30:1800+30"]

1. Nf3 Nf6 2. c4 e6 3. g3 d5 4. Bg2 c6 5. b3 Nbd7 6. Bb2 Bd6 7. d4 O-O 8. O-O Qe7 9. Ne5 Rd8 {[%emt 0:05:47] E01: Catalan: Early deviations} 10. Qc2 (10. e3 Ne4 11. Qc2 Bxe5 12. dxe5 Nec5 13. Nd2 a5 14. e4 Na6 15. cxd5 exd5 16. exd5 cxd5 17. Qc3 {1-0 (39) Cori Tello,D (2391)-Blagojevic,T (2232) Aracaju 2018}) 10... Nf8 11. Nd2 Ng6 12. e4 dxe4 13. Nxe4 Nxe4 14. Qxe4 $146 ({Predecessor:} 14. Bxe4 Ba3 15. Rad1 Bxb2 16. Qxb2 Bd7 17. Qc2 {½-½ (67) Rasmussen,J (1982)-Sanz Losada,V (2121) Krakow 2018}) 14... Nxe5 15. dxe5 Bc5 16. Rad1 Bd7 17. Rd3 Be8 18. Rfd1 Rxd3 19. Qxd3 Qc7 $14 1/2-1/2